 Dungeon Crawl Stone Soup version 0.31-a0-986-g5e6e4ef867 (webtiles) character file.

Game seed: 18430241343354446304

795 Dittersdorf the Covered (level 8, 0/62 HPs)
             Began as a Human Fighter on Nov 9, 2023.
             Succumbed to a water moccasin's poison
             ... on level 5 of the Dungeon.
             The game lasted 00:04:56 (3281 turns).

Dittersdorf the Covered (Human Fighter)             Turns: 3281, Time: 00:04:56

Health: 0/62       AC:  9    Str: 18    XL:     8   Next: 13%
Magic:  8/8        EV:  4    Int: 16    God:
Gold:   243        SH: 13    Dex: 12    Spells: 7/7 levels left

rFire   . . .        a - +0 long sword (freeze)
rCold   . . .        j - +0 tower shield
rNeg    . . .        d - +0 chain mail
rPois   .            (no helmet)
rElec   .            (no cloak)
rCorr   .            (no gloves)
SInv    .            (no boots)
Will    .....        i - amulet of regeneration Stlth
                     c - +6 ring of intelligence
HPRegen 1.10/turn    (no ring)
MPRegen 0.11/turn

%: no passive effects
@: lethally poisoned (0 -> -7)
A: no striking features
a: no special abilities


You were on level 5 of the Dungeon.
You visited 1 branch of the dungeon, and saw 5 of its levels.
You also visited: Ossuary.

You collected 243 gold pieces.

Inventory:

Hand Weapons
 a - a +0 long sword of freezing (weapon)
Armour
 d - a +0 chain mail (worn)
 j - a +0 tower shield (worn)
Jewellery
 c - a +6 ring of intelligence (left hand)
 i - an amulet of regeneration (around neck)
Scrolls
 f - 4 scrolls of teleportation
 h - a scroll of fear
 k - 2 scrolls of enchant armour
 n - a scroll of brand weapon
Potions
 b - 3 potions of lignification
 e - a potion of heal wounds {unknown}
 g - 3 potions of curing
 l - a potion of ambrosia {unknown}
 m - 4 potions of enlightenment
 o - a potion of haste
 p - a potion of brilliance {unknown}


   Skills:
 + Level 5.2 Fighting
 + Level 4.6 Long Blades
 + Level 5.2 Armour
 + Level 5.1 Shields


You had 7 spell levels left.
You didn't know any spells.
Your spell library contained the following spells:

 Spells                   Type           Power      Damage    Failure   Level
 Freeze                   Ice            0%         1d3       100%        1
 Kiss of Death            Conj/Necr      0%         2d5       100%        1
 Ensorcelled Hibernation  Hex/Ice        0%         N/A       100%        2
 Jinxbite                 Hex            0%         N/A       100%        2
 Call Canine Familiar     Summ           0%         N/A       100%        3
 Confusing Touch          Hex            0%         N/A       100%        3
 Frozen Ramparts          Ice            0%         1d1       100%        3
 Hailstorm                Conj/Ice       0%         3d3       100%        3
 Sigil of Binding         Hex            0%         N/A       100%        3
 Anguish                  Hex/Necr       0%         N/A       100%        4
 Animate Dead             Necr           0%         N/A       100%        4
 Dimensional Bullseye     Hex/Tloc       0%         N/A       100%        4
 Dispel Undead            Necr           0%         3d6       100%        4
 Leda's Liquefaction      Hex/Erth       0%         N/A       100%        4
 Haunt                    Necr/Summ      0%         N/A       100%        7
 Infestation              Necr           0%         N/A       100%        8


Dungeon Overview and Level Annotations

Branches:
Dungeon (5/15)            Ossuary (visited)
 Temple: D:4-7

Altars:
Trog

Shops:
D:2 *


Message History

You are too injured to fight recklessly!
You are too injured to fight recklessly!
You are too injured to fight recklessly!
You are too injured to fight recklessly!
You are too injured to fight recklessly!
You are too injured to fight recklessly!
You are too injured to fight recklessly!
You are too injured to fight recklessly!
You are too injured to fight recklessly!
You are too injured to fight recklessly!
You are too injured to fight recklessly!
You are too injured to fight recklessly!
You are too injured to fight recklessly!
You are too injured to fight recklessly!
You are too injured to fight recklessly!
You are too injured to fight recklessly!
You miss the water moccasin.
The water moccasin is severely wounded.
You feel very sick.
The water moccasin bites you but does no damage.
The water moccasin bites you.
You are lethally poisoned!
The water moccasin poisons you!
You closely miss the water moccasin.
The water moccasin is severely wounded.
* * * LOW HITPOINT WARNING * * *
You feel extremely sick.
The water moccasin is no longer moving slowly.
You block the water moccasin's attack.
You hit the water moccasin.
The water moccasin seems to slow down.
You freeze the water moccasin.
The water moccasin is severely wounded.
* * * LOW HITPOINT WARNING * * *
You feel extremely sick. The water moccasin bites you.
* * * LOW HITPOINT WARNING * * *
You block the water moccasin's attack.
You barely miss the water moccasin.
The water moccasin is severely wounded.
You die...

#....### ####
#......#
#....#.#####
#....#.....#
#......#####.#
###..... #.#
#...## #.#
#### #.# #@#
#S#


Sh# ...+ ....# .....# ......# .......# You could see a water moccasin (slow), a
hound and an adder.

Vanquished Creatures
  Grinder (D:4)
  Sigmund (D:2)
  An ice beast (D:5)
  2 human zombies (Ossuary)
  A jelly (D:5)
  An orc priest (D:4)
  An iguana (D:4)
  An orc wizard (D:4)
  2 mummies (Ossuary)
  3 adders (D:4)
  An adder zombie (Ossuary)
  A worm (D:4)
  4 dart slugs
  12 orcs
  4 bats
  4 endoplasms
  5 goblins
  7 hobgoblins
  3 quokkas
  7 ball pythons
  2 frilled lizards (D:1)
  2 goblin zombies (Ossuary)
  8 hobgoblin zombies (Ossuary)
  A jackal zombie (Ossuary)
  4 kobolds
  15 kobold zombies (Ossuary)
  5 orc zombies (Ossuary)
  4 rats
  2 rat zombies (Ossuary)
105 creatures vanquished.

Notes
Turn   | Place    | Note
-------+----------+-------------------------------------------
     0 | D:1      | Dittersdorf the Human Fighter began the quest for the Orb.
     0 | D:1      | Reached XP level 1. HP: 18/18 MP: 1/1
    96 | D:1      | Found a faded altar of an unknown god.
   287 | D:1      | Reached XP level 2. HP: 24/24 MP: 2/2
  1051 | D:2      | Found Hidot's General Store.
  1093 | D:2      | Noticed Sigmund
  1123 | D:1      | Reached XP level 3. HP: 26/29 MP: 3/3
  1241 | D:2      | Killed Sigmund
  1242 | D:2      | Reached XP level 4. HP: 37/37 MP: 4/4
  1242 | D:2      | Reached XP level 5. HP: 42/42 MP: 5/5
  1266 | D:2      | Reached XP level 6. HP: 48/48 MP: 6/6
  2057 | D:4      | Noticed Grinder
  2059 | D:4      | Paralysed by Grinder for 2 turns
  2072 | D:4      | Paralysed by Grinder for 5 turns
  2087 | D:4      | HP: 2/48 [Grinder (1)]
  2088 | D:4      | Killed Grinder
  2089 | D:4      | Reached XP level 7. HP: 4/55 MP: 7/7
  2118 | D:4      | Found a sand-covered staircase.
  2155 | Ossuary  | Entered an ossuary
  2597 | D:4      | Reached skill level 5 in Armour
  2604 | D:4      | Reached skill level 5 in Fighting
  2858 | D:4      | Found a bloodstained altar of Trog.
  3166 | D:5      | Entered Level 5 of the Dungeon
  3175 | D:5      | Reached skill level 5 in Shields
  3214 | D:5      | Reached XP level 8. HP: 19/62 MP: 8/8
  3280 | D:5      | HP: 3/62 [water moccasin (2)]
  3281 | D:5      | Succumbed to a water moccasin's poison

Illustrated notes

Levels and vault maps discovered:
D:1:      heliophobic_arrival_battle_scene, layout_rooms, serial_forest,
          infiniplex_forest_straight_2, infiniplex_forest_clump_tiny,
          infiniplex_forest_end_1, infiniplex_forest_clump_cross,
          infiniplex_forest_lined_4_way, infiniplex_forest_clump_C,
          basic_ecumenical_altar, nrook_campfire
D:2:      layout_basic, serial_shops, nicolae_shop_crystal,
          serial_bayou_lagoon_a, uniq_sigmund
D:3:      layout_rooms
D:4:      layout_basic, mainiacjoe_overflow_boulevard, enter_ossuary_1,
          chequers_serial_rivers_room_a, hangedman_abyss_or_decor_slice,
          uniq_grinder
D:5:      layout_basic, lemuel_round_altar, slow_altar_2

Skill      XL: |  1  2  3  4  5  6  7 |
---------------+----------------------+-----
Fighting       | 4 5 |  5.2
Long Blades    | 3 4 |  4.6
Armour         | 4 5 |  5.2
Shields        | 4 5 |  5.1

Action                     |  1- 3 |  4- 6 |  7- 9 || total
---------------------------+-------+-------+-------++-------
  Melee: Long sword        |    56 |    89 |   278 ||   423
    Use: Potion            |     1 |       |       ||     1
         Scroll            |       |     7 |     4 ||    11
 Armour: Scale mail        |    44 |     8 |       ||    52
         Chain mail        |       |    59 |   232 ||   291
  Dodge: Dodged            |    11 |    13 |    42 ||    66
  Block: Buckler           |     5 |       |       ||     5
         Tower shield      |    11 |    65 |   213 ||   289

Table legend: (Time is in decaauts)
 A = Elapsed time spent in this place.
 B = Non-inter-level travel time spent in this place.
 C = Inter-level travel time spent in this place.
 D = Time resting spent in this place.
 E = Time spent auto-exploring this place.
 F = Levels seen in this place.
 G = Mean time per level.
                   A        B        C        D        E       F      G
               +--------+--------+--------+--------+--------+-----+--------+
         Total |   3503 |   3314 |    189 |      3 |   2212 |   6 |  583.8 |
       Dungeon |   3131 |   2942 |    189 |      3 |   2112 |   5 |  626.2 |
       Ossuary |    371 |    371 |      0 |      0 |    100 |   1 |  371.0 |
               +--------+--------+--------+--------+--------+-----+--------+

Top non-repeatable levels by time:
     D:2: 1055 daAuts
     D:4: 866 daAuts
     D:1: 635 daAuts
     D:3: 440 daAuts
 Ossuary: 371 daAuts
     D:5: 133 daAuts
